 Dungeon Crawl Stone Soup version 0.29.1-4-g47bece8355 (webtiles) character file.

Game seed: 71826020362289666

2 MisterFreud the Twirler (level 1, -1/16 HPs)
             Began as a Formicid Gladiator on Dec 6, 2022.
             Slain by a jackal (3 damage)
             ... on level 1 of the Dungeon.
             The game lasted 00:00:26 (26 turns).

MisterFreud the Twirler (Formicid Gladiator)          Turns: 26, Time: 00:00:26

Health: -1/16      AC:  3    Str: 18    XL:     1   Next: 44%
Magic:  1/1        EV: 12    Int:  7    God:
Gold:   0          SH:  0    Dex: 15    Spells: 0/0 levels left

rFire   . . .      SeeInvis +   a - +0 quarterstaff
rCold   . . .      Faith    .   (no shield)
rNeg    . . .      Spirit   .   b - +0 leather armour
rPois   .          Reflect  .   (helmet unavailable)
rElec   .          Harm     .   (no cloak)
rCorr   .          Rampage  .   (no gloves)
Will    .....                   (no boots)
Stlth   +.........              (no amulet)
HPRegen 0.05/turn               (no ring)
MPRegen 0.07/turn               (no ring)

@: no status effects
A: permanent stasis, dig shafts and tunnels, antennae 3, four strong arms
a: Dig, Shaft Self


You were on level 1 of the Dungeon.
You visited 1 branch of the dungeon, and saw 1 of its levels.

Inventory:

Hand Weapons
 a - a +0 quarterstaff (weapon)
Missiles
 c - 3 throwing nets (quivered)
 d - a javelin
Armour
 b - a +0 leather armour (worn)


   Skills:
 - Level 2.1 Fighting
 + Level 3.2 Staves
 - Level 2.0 Throwing
 - Level 2.6 Dodging


You couldn't memorise any spells.
You didn't know any spells.
Your spell library was empty.

Dungeon Overview and Level Annotations

Branches:
Dungeon (1/15)

Altars:


Innate Abilities, Weirdness & Mutations

You cannot be hasted, slowed, berserked, paralysed or teleported.
You can dig through walls and to a lower floor.
You have a pair of large antennae on your head. (SInv)
Your four strong arms can wield two-handed weapons with a shield.


Message History

A quokka comes into view.
You closely miss the ball python.
The ball python bites you but does no damage.
The ball python misses you. x3
You barely miss the ball python. The ball python closely misses you.
The ball python grabs you. The ball python constricts you.
You hit the ball python.
You kill the ball python!
The jackal misses you.
You closely miss the ball python. The ball python closely misses you.
The ball python grabs you. The ball python constricts you.
The jackal barely misses you. The ball python bites you.
The ball python constricts you.
You hit the ball python.
You kill the ball python!
The jackal closely misses you.
The jackal bites you but does no damage.
You closely miss the quokka.
The jackal bites you but does no damage.
The quokka barely misses you.
You barely miss the quokka.
The jackal bites you but does no damage.
The quokka barely misses you.
The jackal bites you but does no damage.
You hit the quokka.
You kill the quokka!
The jackal barely misses you. The jackal bites you.
The jackal attacks as you move away! The jackal bites you.
Found a stone staircase leading down.
You see here a quokka corpse.
You closely miss the jackal. The jackal bites you.
* * * LOW HITPOINT WARNING * * *
The jackal bites you.
* * * LOW HITPOINT WARNING * * *
Are you sure you want to shaft yourself?
The jackal bites you.
* * * LOW HITPOINT WARNING * * *
You begin to dig a shaft.
You continue digging a shaft.
The jackal bites you.
You die...

###.~≈~~.~≈≈~.
....~~≈~.≈~≈~.
#..P~~...~~P.
#............
#......<.....
#............ #.
##..P≈~..(~~P.
#...######...~≈~~.~~≈≈.
#.....@hhhK..~≈~≈.~~≈~.
>..#.######...~~~~.~~~~.
##..~~~~.~~~~.
#.K~~~~.~~~~.
##.~~~~.~~~~.
...≈~≈~.~≈≈~.
##.~≈≈~.~≈≈~.
#.P≈~P.P≈~P. #..........


You could see 3 jackals and a kobold.

Vanquished Creatures
  A quokka (D:1)
  2 ball pythons (D:1)
3 creatures vanquished.

Notes
Turn   | Place    | Note
-------+----------+-------------------------------------------
     0 | D:1      | MisterFreud the Formicid Gladiator began the quest for the
                  | Orb.
     0 | D:1      | Reached XP level 1. HP: 16/16 MP: 1/1
    26 | D:1      | Slain by a jackal

Illustrated notes

Levels and vault maps discovered:
D:1:      giann_bridges, layout_loops_ring,
          dreamdust_ecumenical_altar_sealed_demon, serial_park_tiny_1,
          minmay_tiny_reverse_x

Action                   || total
-------------------------++-------
Melee: Quarterstaff      ||     9
 Abil: Shaft Self        ||     1
Armor: Leather armour    ||     8
Dodge: Dodged            ||    22
